 Dungeon Crawl Stone Soup version 0.27.0-1-g7a089689b8 (webtiles) character file.

Game seed: 14768316145617682538

72 Sobieck the Cudgeller (level 4, -9/44 HPs)
             Began as an Ogre Warper on Aug 11, 2021.
             Mangled by an ogre (28 damage)
             ... on level 2 of the Dungeon.
             The game lasted 00:05:11 (3254 turns).

Sobieck the Cudgeller (Ogre Warper)                 Turns: 3254, Time: 00:05:11

Health: -9/44      AC:  3    Str: 15    XL:     4   Next: 26%
Magic:  7/7        EV:  9    Int: 15    God:
Gold:   148        SH:  0    Dex:  8    Spells: 2/7 levels left

rFire    . . .     SeeInvis .   t - +1 flail {mace}
rCold    . . .     Faith    .   (no shield)
rNeg     . . .     Spirit   .   b - +0 robe
rPois    +         Reflect  .   (helmet restricted)
rElec    .         Harm     .   (no cloak)
rCorr    .         Rampage  .   (gloves unavailable)
Will     .....                  (boots unavailable)
Stlth    +.........             (no amulet)
HPRegen  0.14/turn              p - ring of poison resistance
MPRegen  0.10/turn              (no ring)

@: no status effects
A: large, unfitting armour, tough skin 1
a: no special abilities


You were on level 2 of the Dungeon.
You visited 1 branch of the dungeon, and saw 5 of its levels.

You collected 148 gold pieces.


Innate Abilities, Weirdness & Mutations

You are too large for most types of armour.
You have tough skin. (AC +1)


   Skills:
 - Level 2.6 Fighting
 + Level 4.0 Maces & Flails
 - Level 1.0 Throwing
 - Level 2.1 Dodging
 - Level 2.4 Spellcasting
 - Level 2.6 Translocations


You had 2 spell levels left.
You knew the following spells:

 Your Spells              Type           Power      Damage    Failure   Level
a - Blink                 Tloc           N/A        N/A       11%         2
b - Gell's Gravitas       Tloc           4%         N/A       22%         3

Your spell library contained the following spells:

 Spells                   Type           Power      Damage    Failure   Level
 Lesser Beckoning         Tloc           4%         N/A       22%         3
 Teleport Other           Tloc           9%         N/A       22%         3
 Manifold Assault         Tloc           9%         N/A       89%         5

Inventory:

Hand Weapons
 a - a +0 mace {mace}
 t - a +1 flail (weapon) {mace}
   (You found it on level 4 of the Dungeon)
Missiles
 d - 5 boomerangs of dispersal (quivered) {=f!fthrowing}
 e - 102 stones {throwing}
 j - 14 sling bullets
 l - 13 bolts
 o - 43 arrows
Armour
 b - a +0 robe (worn)
Magical Staves
 s - a staff of death {!astaff}
   (You found it on level 2 of the Dungeon)
Jewellery
 p - a ring of poison resistance (left hand)
   (You found it on level 2 of the Dungeon)
 r - a ring of fire
   (You found it on level 2 of the Dungeon)
Scrolls
 c - a scroll of blinking {!r}
 g - 2 scrolls of enchant weapon
 i - 2 scrolls of magic mapping {!r}
Potions
 h - a potion of brilliance {unknown}
 k - a potion of might {unknown}
 m - a potion of ambrosia {unknown}
 n - 2 potions of mutation {unknown}
 u - 3 potions of lignification {!q}

Dungeon Overview and Level Annotations

Branches:
Dungeon (5/15)
 Temple: D:4-7

Altars:
Okawaru

Annotations:
D:2 !ogre
D:3 Sigmund

###########.##### #.#########
########### #.#.......#
#.......#.#####.#.#####.#
#.#####..#...).>........#
#.#...#.###.###.#.#.##..###
..#....## ##.#....#.......#
#.#...#.###.#.....####..#.#
#.##.##..#.###..@..>....#.#
#.......#.## ##.#O####.##.#
####.###### #.#......##.# #.#
#.#########.##### #.# ##+##
#....รท..### #.# ##...##
#.........# #.## ##.....##
#.#.###.#.# ###..##
##.......####.#.###.#.#
##..#..####.................#.#.#


You could see an ogre.


Message History

Unknown command.
A quokka comes into view.
Danger!
The quokka bites you.
Unknown command.
You hit the quokka. The quokka bites you.
You sock the quokka!
You kill the quokka!
Your Maces & Flails skill increases to level 4!
Unknown command.
u - 3 sapphire potions You now have 148 gold pieces (gained 12).
Found 13 gold pieces.
Found a stone staircase leading up and a stone staircase leading down.
Unknown command.
o - 43 arrows (gained 18) Unknown command.
There is a stone staircase leading up here.
You climb upwards.
Level annotation: Sigmund An endoplasm comes into view.
There is a stone staircase leading down here.
Danger!
The helpless endoplasm fails to defend itself.
You thump the endoplasm!
You kill the endoplasm!
No target in view!
There is a stone staircase leading down here.
Okay, then.
You climb downwards.
There is a stone staircase leading up here.
Unknown command.
As you read the scroll labelled ECSIEN GYOD, it crumbles to dust.
The scroll dissolves into smoke.
It was a scroll of fog.
Unknown command.
As you read the scroll labelled MANAEH HOETI, it crumbles to dust.
It is a scroll of enchant weapon.
Your +0 flail {mace} glows red for a moment.
As you read the scroll labelled RUTUXAITUSM, it crumbles to dust.
You feel aware of your surroundings.
It was a scroll of magic mapping.
Unknown command.
Unknown command.
Unknown command.
Unknown command.
As you read the scroll labelled SOTEOG TIZUMM, it crumbles to dust.
It is a scroll of identify.
u - 3 potions of lignification Unknown command.
You climb upwards.
Level annotation: Sigmund
There is a stone staircase leading down here.
Unknown command.
A rat comes into view.
Danger!
A rat is nearby!
You sock the rat!
You kill the rat!
No target in view!
No target in view!
A kobold comes into view. It is wielding a +0 whip.
The kobold shouts!
Danger!
The kobold hits you but does no damage.
You miss the kobold. The kobold closely misses you.
You hit the kobold.
You kill the kobold!
No target in view!
No target in view!
Things that are here:
a +0 whip {mace}; a kobold corpse
Found a stone staircase leading up.
Unknown command.
A dart slug comes into view.
There is a stone staircase leading up here.
Danger!
Warning, next level annotated: !ogre Enter next level anyway?
Okay, then.
Warning, next level annotated: !ogre Enter next level anyway?
You climb upwards.
There is a stone staircase leading down here.
Unknown command.
Done exploring.
Okay, then.
You see here a +0 dagger {short}.
There is a stone staircase leading down here.
The ogre shouts!
Danger!
You hit the ogre.
The ogre hits you with a +0 giant club!!
You hit the ogre. The ogre hits you with a +0 giant club!
* * * LOW HITPOINT WARNING * * *
Unknown command.
You hit the ogre but do no damage. The ogre completely misses you.
Unknown command.
You hit the ogre.
The ogre hits you with a +0 giant club!!
Ouch! That really hurt!
You die...

Skill      XL: |  1  2  3  4 |
---------------+-------------+-----
Maces & Flails | 2 3 4 |  4.0
Fighting       | |  2.6
Throwing       | |  1.0
Dodging        | |  2.1
Spellcasting   | |  2.4
Translocations | |  2.6

Action                   |  1- 3 |  4- 6 || total
-------------------------+-------+-------++-------
Melee: Mace              |   143 |       ||   143
       Flail             |       |    10 ||    10
  Use: Scroll            |     1 |     4 ||     5
 Stab: Sleeping          |       |     1 ||     1
Armor: Robe              |    58 |     1 ||    59
Dodge: Dodged            |    88 |     2 ||    90

Levels and vault maps discovered:
D:1:      mrwooster_arrival_statue, layout_basic, ebering_ecumenical_altar_mist,
          minmay_tiny_reverse_x
D:2:      layout_loops_corners, serial_forest, infiniplex_forest_straight_2,
          infiniplex_forest_straight_4, infiniplex_forest_fountain,
          infiniplex_forest_lined_2, infiniplex_forest_clump_curved,
          infiniplex_forest_lined_2, basic_altar, glass_columns_a
D:3:      layout_basic, lemuel_tele_altar, uniq_sigmund, uniq_grinder,
          uniq_jessica
D:4:      minmay_door_path, layout_cave_pools
D:5:      layout_basic, nicolae_yredelemnul_corpse_copse, serial_shops,
          nicolae_lakefront_shop, uniq_eustachio

Notes
Turn   | Place    | Note
-------+----------+-------------------------------------------
     0 | D:1      | Sobieck the Ogre Warper began the quest for the Orb.
     0 | D:1      | Reached XP level 1. HP: 22/22 MP: 3/3
     1 | D:1      | Found a faded altar of an unknown god.
    29 | D:1      | Reached skill level 2 in Maces & Flails
   363 | D:1      | Reached XP level 2. HP: 27/29 MP: 5/5
   740 | D:1      | Reached skill level 3 in Maces & Flails
   888 | D:1      | You fall into a shaft and drop 1 floor!
   938 | D:2      | Reached XP level 3. HP: 25/36 MP: 6/6
  1068 | D:2      | Learned a level 2 spell: Blink
  1072 | D:2      | Learned a level 3 spell: Gell's Gravitas
  1161 | D:2      | Found an iron altar of Okawaru.
  2463 | D:3      | Noticed an ogre
  2495 | D:2      | HP: 7/36 [ogre (12)]
  2737 | D:3      | Noticed Sigmund
  2903 | D:5      | Entered Level 5 of the Dungeon
  2981 | D:4      | Reached XP level 4. HP: 30/44 MP: 7/7
  3108 | D:4      | Reached skill level 4 in Maces & Flails
  3254 | D:2      | Mangled by an ogre

Vanquished Creatures
  A hound skeleton (D:4)
  An adder (D:2)
  An adder skeleton (D:4)
  A dart slug (D:1)
  2 bats (D:1)
  4 endoplasms
  3 giant cockroaches
  6 goblins
  7 hobgoblins
  2 quokkas (D:4)
  6 ball pythons
  2 frilled lizards (D:1)
  5 kobolds
  3 rats
44 creatures vanquished.

Table legend:
 A = Non-vault XP
 B = Vault XP
 C = Vault XP percentage of total XP
 D = Non-vault monster count
 E = Vault monster count
 F = Vault count percentage of total count
                 A         B        C        D         E       F
            +---------+---------+-------+---------+---------+-------
      Total |     101 |       3 |   2.9 |      42 |       2 |   4.5
            +---------+---------+-------+---------+---------+-------
        D:1 |      36 |       3 |   7.7 |      22 |       2 |   8.3
        D:2 |      26 |       0 |   0.0 |       9 |       0 |   0.0
        D:3 |       6 |       0 |   0.0 |       4 |       0 |   0.0
        D:4 |      33 |       0 |   0.0 |       7 |       0 |   0.0
            +---------+---------+-------+---------+---------+-------

Illustrated notes

Table legend:
 A = Kills in this place as a percentage of kills in entire the game.
 B = Kills by you in this place as a percentage of kills by you in the entire game.
 C = Kills by friends in this place as a percentage of kills by friends in the entire game.
 D = Other kills in this place as a percentage of other kills in the entire game.
 E = Experience gained in this place as a percentage of experience gained in the entire game.
 F = Experience gained in this place divided by the number of levels of this place that you have seen.
                   A       B       C       D       E      F
               +-------+-------+-------+-------+-------+----------------------
         Total | 100.0 | 100.0 |   N/A |   N/A | 100.0 |  20.8
       Dungeon | 100.0 | 100.0 |   N/A |   N/A | 100.0 |  20.8
               +-------+-------+-------+-------+-------+----------------------

Table legend: (Time is in decaauts)
 A = Elapsed time spent in this place.
 B = Non-inter-level travel time spent in this place.
 C = Inter-level travel time spent in this place.
 D = Time resting spent in this place.
 E = Time spent auto-exploring this place.
 F = Levels seen in this place.
 G = Mean time per level.
                   A        B        C        D        E       F      G
               +--------+--------+--------+--------+--------+-----+--------+
         Total |   3296 |   3222 |     74 |   1093 |   1555 |   5 |  659.2 |
       Dungeon |   3296 |   3222 |     74 |   1093 |   1555 |   5 |  659.2 |
               +--------+--------+--------+--------+--------+-----+--------+

Top non-repeatable levels by time:
     D:2: 1313 daAuts
     D:1: 1242 daAuts
     D:4: 632 daAuts
     D:3: 102 daAuts
     D:5: 4 daAuts
